 Dungeon Crawl Stone Soup version 0.19.5 (webtiles) character file.

801 tricornhat the Slasher (level 7, 0/54 HPs)
             Began as a Demonspawn Berserker on Mar 12, 2017.
             Was a Priest of Trog.
             Succumbed to feelmyfire's ghost's poison
             ... on level 5 of the Dungeon.
             The game lasted 00:28:15 (3671 turns).

tricornhat the Slasher (Demonspawn Berserker)       Turns: 3671, Time: 00:28:16

Health: 0/54       AC: 13    Str: 18    XL:     7   Next: 59%
Magic:  7/7        EV: 14    Int: 15    God:    Trog [***...]
Gold:   188        SH:  0    Dex: 25    Spells: 0 memorised, 6 levels left

rFire  + . .     SeeInvis +     h - +7 long sword "Beastbane" {protect, Int+2 Dex+4 SInv}
rCold  . . .     Gourm    .     o - +0 chain mail
rNeg   . . .     Faith    .     (no shield)
rPois  .         Spirit   .     (no helmet)
rElec  .         Reflect  .     (no cloak)
rCorr  .         Harm     .     t - +0 pair of gloves
MR     .....                    (no boots)
Stlth  ..........               (no amulet)
                                (no ring)
                                i - ring of protection from fire

@: brilliant, agile, lethally poisoned (0 -> -25), drained
A: claws 1, iridescent scales 2, agile 1
a: Berserk, Trog's Hand, Burn Spellbooks, Renounce Religion


You were on level 5 of the Dungeon.
You worshipped Trog.
Trog was most pleased with you.
You were not hungry.

You visited 1 branch of the dungeon, and saw 5 of its levels.

You collected 188 gold pieces.

Inventory:

Hand Weapons
 a - a +1 falchion
 c - a +0 falchion
 h - the +7 long sword "Beastbane" (weapon) {protect, Int+2 Dex+4 SInv}
   (You found it on level 4 of the Dungeon)

   It protects the one who uses it against injury (+AC on strike).
   It affects your intelligence (+2).
   It affects your dexterity (+4).
   It lets you see invisible.
Armour
 b - a +0 animal skin
 o - a +0 chain mail (worn)
 t - a +0 pair of gloves (worn)
Jewellery
 e - an uncursed ring of see invisible {unknown}
 i - a ring of protection from fire (left hand)
 j - an uncursed ring of magical power {unknown}
Wands
 k - a wand of polymorph (6/24)
 r - a wand of flame (24/48)
Scrolls
 d - a scroll of remove curse
 g - a scroll of enchant weapon
 s - a scroll of noise {unknown}
Potions
 n - 2 potions of beneficial mutation
Comestibles
 f - a bread ration
 q - a beef jerky


   Skills:
 * Level 4.2(3.7) Fighting
 * Level 6.9(6.3) Long Blades
 + Level 2.1(1.6) Armour
 + Level 3.1(2.6) Dodging
 + Level 1.8(1.2) Stealth
 + Level 0.1(0.0) Unarmed Combat


You had 6 spell levels left.
You didn't know any spells.

Dungeon Overview and Level Annotations

Branches:
Dungeon (5/15)
 Temple: D:4-7

Altars:
Ashenzari
Dithmenos
Ru

Shops:
D:4 [

Annotations:
D:5 feelmyfire's ghost, novice DrCK


Innate Abilities, Weirdness & Mutations

You have sharp fingernails.
You are mostly covered in iridescent scales. (AC +4)
You are agile. (Dex +2)


Message History

Feelmyfire's ghost hits you but does no damage.
You are more poisoned.
You feel very sick.
You feel very sick.
Feelmyfire's ghost says, "Crushing you to a pulp will hurt a lot.
After that?
Painless!
I promise!"
You feel very sick.
* * * LOW HITPOINT WARNING * * *
You feel very sick.
* * * LOW HITPOINT WARNING * * *
You feel very sick.
* * * LOW HITPOINT WARNING * * *
You feel very sick.
* * * LOW HITPOINT WARNING * * *
You feel very sick.
Feelmyfire's ghost whispers, "The ORB doesn't exist."
* * * LOW HITPOINT WARNING * * *
You feel sick.
* * * LOW HITPOINT WARNING * * *
You feel sick. The ogre closely misses you.
You die...

.###.####.##.#.#
##.#.#.####.## .#
#.# #.#.#..# ##...##
#.## .# #.#
##.##.### ##.# #.#
.# #.###...#.### #.#
#.# .#..... #.....##
###.. #†# .....#
#...###..####.####
#<# .#.######.##
##........## #.#
.#.....##.
#......#..## #.##
.#........
#.@#.....#.## #...
..........
#...#..#..#.###.###
##.....###
##.WO.#.......#.....
..<.......
#.......#.#.#.##.###
##.###.###
##.....#........# #
..........
#.#..#..#.....# .
##.#.###)#
#...#....#....# #
##.#.##
#..#......#...# #
...# ..
#.#..#.......## #


You could see an ogre and feelmyfire's ghost.

Vanquished Creatures
  Eustachio (D:4)
  An ice beast (D:5)
  Blork the orc (D:4)
  A water moccasin skeleton (D:4)
  A howler monkey (D:5)
  A jelly (D:5)
  An orc priest (D:5)
  A hound (D:4)
  2 orc wizards
  An iguana (D:5)
  3 worker ants (D:4)
  A howler monkey zombie (D:5)
  7 adders
  2 adder skeletons
  A worm (D:3)
  2 leopard geckos
  10 orcs
  8 bats
  3 giant cockroaches
  5 goblins
  7 hobgoblins
  5 jackals
  7 kobolds
  5 quokkas
  2 ball pythons
  6 frilled lizards
  A leopard gecko skeleton (D:4)
  8 rats
94 creatures vanquished.

Notes
Turn   | Place    | Note
-------+----------+-------------------------------------------
     0 | D:1      | tricornhat the Demonspawn Berserker began the quest for the Orb.
     0 | D:1      | Reached XP level 1. HP: 18/18 MP: 1/1
   265 | D:1      | Gained mutation: You are partially covered in iridescent scales. (AC +2) [demonic ancestry]
   265 | D:1      | Reached XP level 2. HP: 24/24 MP: 2/2
   648 | D:2      | Reached skill level 3 in Long Blades
   724 | D:2      | Found a shattered altar of Ashenzari.
   793 | D:2      | Found a shadowy altar of Dithmenos.
   911 | D:2      | Reached XP level 3. HP: 9/29 MP: 3/3
  1290 | D:2      | Found a sacrificial altar of Ru.
  1626 | D:2      | Reached ** piety under Trog
  1768 | D:3      | Reached XP level 4. HP: 29/36 MP: 4/4
  2391 | D:4      | Got a translucent long sword
  2393 | D:4      | Identified the +7 long sword "Beastbane" {protect, Int+2 Dex+4 SInv} (You found it on level 4 of the Dungeon)
  2410 | D:4      | Reached skill level 4 in Long Blades
  2454 | D:4      | Reached skill level 1 in Stealth
  2494 | D:4      | Found Rawneel's Antique Armour Emporium.
  2496 | D:4      | Noticed Eustachio
  2525 | D:4      | Killed Eustachio
  2525 | D:4      | Reached skill level 5 in Long Blades
  2525 | D:4      | Reached XP level 5. HP: 26/42 MP: 5/5
  2525 | D:4      | Gained mutation: You have sharp fingernails. [demonic ancestry]
  2525 | D:4      | Reached XP level 6. HP: 30/48 MP: 6/6
  2591 | D:4      | Noticed Blork the orc
  2605 | D:4      | Killed Blork the orc
  3026 | D:4      | Reached skill level 6 in Long Blades
  3026 | D:4      | Gained mutation: You are mostly covered in iridescent scales. (AC +4) [demonic ancestry]
  3026 | D:4      | Reached XP level 7. HP: 54/54 MP: 7/7
  3034 | D:4      | Reached *** piety under Trog
  3180 | D:5      | Entered Level 5 of the Dungeon
  3643 | D:5      | Noticed feelmyfire's ghost (novice DrCK)
  3658 | D:5      | Gained mutation: You are agile. (Dex +2) [potion of beneficial mutation]
  3671 | D:5      | Succumbed to feelmyfire's ghost's poison

Skill      XL: |  1  2  3  4  5  6 |
---------------+-------------------+-----
Long Blades    | 3 5 6 |  6.9
Dodging        | 2 3 |  3.1
Stealth        | 1 |  1.8
Fighting       | 4 |  4.2
Armour         | 2 |  2.1
Unarmed Combat | |  0.1

Action                   |  1- 3 |  4- 6 |  7- 9 || total
-------------------------+-------+-------+-------++-------
Melee: Falchion          |   126 |    32 |       ||   158
       Long sword        |       |    53 |    61 ||   114
       Unarmed           |       |     3 |       ||     3
  Use: Potion            |     2 |       |     4 ||     6
       Scroll            |       |     5 |       ||     5
 Stab: Sleeping          |     2 |     1 |       ||     3
  Eat: Bread ration      |     1 |       |       ||     1
       Chunk             |       |     2 |     3 ||     5
Armor: Animal skin       |    38 |    28 |       ||    66
       Skin              |    13 |       |       ||    13
       Chain mail        |       |    12 |    35 ||    47
Dodge: Dodged            |    97 |    54 |    22 ||   173
       Rpst.: Falchion   |    30 |     7 |       ||    37
       Long sword        |       |    11 |     7 ||    18
